 Dungeon Crawl Stone Soup version 0.26.1-2-gb8aa6d0cf2 (webtiles) character file.

Game seed: 2270928810595445887

12 jlumianski the Grasshopper (level 2, -5/26 HPs)
             Began as a Gnoll Warper on Mar 25, 2021.
             Slain by a worm (10 damage)
             ... on level 2 of the Dungeon.
             The game lasted 00:03:28 (955 turns).

jlumianski the Grasshopper (Gnoll Warper)            Turns: 955, Time: 00:03:29

Health: -5/26      AC:  3    Str: 13    XL:     2   Next: 33%
Magic:  7/7        EV: 13    Int: 21    God:
Gold:   145        SH:  5    Dex: 14    Spells: 8/10 levels left

rFire    . . .     SeeInvis +   a - +0 hand axe
rCold    . . .     Faith    .   p - +2 buckler
rNeg     . . .     Spirit   .   b - +0 leather armour
rPois    .         Reflect  .   (no helmet)
rElec    .         Harm     .   (no cloak)
rCorr    .         Rampage  .   (no gloves)
Will     .....                  (no boots)
Stlth    +.........             (no amulet)
HPRegen  0.08/turn              f - ring of see invisible
MPRegen  0.10/turn              q - +6 ring of intelligence

@: no status effects
A: distributed training, fangs 1, strong nose
a: no special abilities


You were on level 2 of the Dungeon.
You visited 1 branch of the dungeon, and saw 2 of its levels.

You collected 145 gold pieces.

Inventory:

Hand Weapons
 a - a +0 hand axe (weapon)
Missiles
 e - 5 boomerangs of dispersal (quivered)
 h - 55 stones
Armour
 b - a +0 leather armour (worn)
 m - a +0 tower shield
 p - a +2 buckler (worn)
Jewellery
 f - a ring of see invisible (left hand)
 q - a +6 ring of intelligence (right hand)
Scrolls
 d - a scroll of blinking
 j - a scroll of immolation
 l - a scroll of remove curse {unknown}
 o - a scroll of enchant weapon {unknown}
Potions
 c - a potion of curing {unknown}
 g - a potion of degeneration {unknown}
 i - a potion of brilliance {unknown}
 n - a potion of mutation {unknown}


   Skills:
 + Level 4.4 Fighting
 + Level 0.3 Short Blades
 + Level 0.3 Long Blades
 + Level 4.4 Axes
 + Level 0.3 Maces & Flails
 + Level 0.3 Polearms
 + Level 0.3 Staves
 + Level 0.3 Slings
 + Level 0.3 Bows
 + Level 0.3 Crossbows
 + Level 2.4 Throwing
 + Level 2.4 Armour
 + Level 4.4 Dodging
 + Level 0.3 Stealth
 + Level 0.3 Shields
 + Level 0.3 Unarmed Combat
 + Level 4.9 Spellcasting
 + Level 0.2 Conjurations
 + Level 0.2 Hexes
 + Level 0.2 Summonings
 + Level 0.2 Necromancy
 + Level 5.3 Translocations
 + Level 0.2 Transmutations
 + Level 0.2 Fire Magic
 + Level 0.2 Ice Magic
 + Level 0.2 Air Magic
 + Level 0.2 Earth Magic
 + Level 0.2 Poison Magic
 + Level 0.4 Invocations
 + Level 0.3 Evocations


You had 8 spell levels left.
You knew the following spells:

 Your Spells              Type           Power        Failure   Level
a - Blink                 Tloc           N/A          3%          2

Your spell library contained the following spells:

 Spells                   Type           Power        Failure   Level
 Gell's Gravitas          Tloc           13%          8%          3
 Lesser Beckoning         Tloc           13%          8%          3
 Teleport Other           Tloc           27%          8%          3
 Passage of Golubria      Tloc           N/A          24%         4


Dungeon Overview and Level Annotations

Branches:
Dungeon (2/15)

Altars:

Annotations:
D:2 Sigmund


Innate Abilities, Weirdness & Mutations

Your experience applies equally to all skills.
You have very sharp teeth.
Your uncanny sense of smell can sniff out nearby items.


Message History

The bat closely misses you.
You hit the worm.
The worm is severely wounded.
You barely miss the bat. You block the bat's attack. The worm bites you.
You hit the worm.
The worm is almost dead.
The bat misses you.
You hit the worm.
The worm is almost dead.
You hit the bat.
You kill the bat!
The worm bites you.
* * * LOW HITPOINT WARNING * * *
You barely miss the worm.
The worm is almost dead.
The worm misses you.
You hit the worm.
The worm is almost dead.
The worm bites you!
You die...

## #.. #..! #...###
....>..## ........#
.......@# #...###w#
#.....#†###### ∆ #
#........# #
###.####.# # ...#
#.# # ########.####
# ∆ #.......# #####
...#.##....####....


You could see a worm.

Vanquished Creatures
  3 goblins
  A hobgoblin (D:1)
  A quokka (D:2)
  4 bats
  A frilled lizard (D:2)
  2 rats (D:1)
  2 toadstools (D:1)
14 creatures vanquished.

Vanquished Creatures (others)
  7 fungi (D:1)
  A toadstool (D:1)
8 creatures vanquished.

Grand Total: 22 creatures vanquished

Notes
Turn   | Place    | Note
-------+----------+-------------------------------------------
     0 | D:1      | jlumianski the Gnoll Warper began the quest for the Orb.
     0 | D:1      | Reached XP level 1. HP: 20/20 MP: 6/6
   767 | D:2      | Reached XP level 2. HP: 26/26 MP: 7/7
   804 | D:2      | Learned a level 2 spell: Blink
   816 | D:2      | Noticed Sigmund
   955 | D:2      | Slain by a worm

Illustrated notes

Levels and vault maps discovered:
D:1:      dpeg_arrival_simpleton_b, layout_loops_ring, minmay_gold_behind_fungi
D:2:      layout_loops_cross, minmay_cupped, uniq_sigmund

Action                   || total
-------------------------++-------
Melee: Hand axe          ||    43
       Bite              ||     8
Throw: Stone             ||     3
  Use: Scroll            ||     3
Armor: Leather armour    ||    12
Dodge: Dodged            ||    28
Block: Buckler           ||    11
